3AAA
AUGUSTA TIMBER HAWKS @ SCRANTON SUPERNOVAS
07/11/2020
 
TOP OF THE 1ST
Augusta Timber Hawks batting - Pitching for Scranton Supernovas : LHP Felipe Gutiérrez
Pitching: LHP Felipe Gutiérrez
Batting: LHB Mike Hanson 0-0: Fly out, F8 (Popup, 89S)
Batting: LHB Eugene Lawrence 0-0: Ball
1-0: Fly out, F5 (Popup, 5F)
Batting: RHB Jack Hatcher 0-0: Ball
1-0: Called Strike
1-1: Foul Ball, location: 2F
1-2: Ball
2-2: Ball
3-2: Foul Ball, location: 2F
3-2: Foul Ball, location: 2F
3-2: Base on Balls
Batting: RHB Eddy Baxter 0-0: Foul Ball, location: 2F
0-1: Swinging Strike
0-2: Fly out, F9 (Line Drive, 9M)
Top of the 1st over - 0 run(s), 0 hit(s), 0 error(s), 1 left on base; Augusta 0 - Scranton 0
BOTTOM OF THE 1ST
Scranton Supernovas batting - Pitching for Augusta Timber Hawks : RHP Jim Thornton
Pitching: RHP Jim Thornton
Batting: LHB Mark Evans 0-0: Fly out, F7 (Flyball, 7LM)
Batting: LHB Francisco Ortega 0-0: SINGLE (Line Drive, 4D)
Batting: RHB António Granados 0-0: Ball
Francisco Ortega is caught stealing 2nd base
1-0: Fly out, F8 (Flyball, 8RM)
Bottom of the 1st over - 0 run(s), 1 hit(s), 0 error(s), 0 left on base; Augusta 0 - Scranton 0
TOP OF THE 2ND
Augusta Timber Hawks batting - Pitching for Scranton Supernovas : LHP Felipe Gutiérrez
Batting: SHB Lawrence Franklin 0-0: Ball
1-0: Ground out 6-3 (Groundball, 56)
Batting: RHB Hiwahikeiki Noelani 0-0: Swinging Strike
0-1: Ground out 6-3 (Groundball, 6M)
Batting: SHB José Salazar 0-0: Ball
1-0: Called Strike
1-1: Ball
2-1: Ball
3-1: Base on Balls
Batting: RHB Claudio Mendoza 0-0: Ball
1-0: Ball
2-0: Ball
3-0: Base on Balls
José Salazar to second
Batting: RHB Pedro Jiménez 0-0: Called Strike
0-1: Swinging Strike
0-2: Strikes out looking
Top of the 2nd over - 0 run(s), 0 hit(s), 0 error(s), 2 left on base; Augusta 0 - Scranton 0
BOTTOM OF THE 2ND
Scranton Supernovas batting - Pitching for Augusta Timber Hawks : RHP Jim Thornton
Batting: RHB Lance Davis 0-0: Ball
1-0: Ball
2-0: Called Strike
2-1: Swinging Strike
2-2: Foul Ball, location: 2F
2-2: SINGLE (Flyball, 8RS)
Batting: RHB Thomas Campbell 0-0: Foul Ball, location: 2F
0-1: Swinging Strike
0-2: Strikes out looking
Batting: RHB Jerome Wilson 0-0: Called Strike
0-1: Ground out 5-3 (Groundball, 5S)
Lance Davis to second
Batting: SHB Neil Nash 0-0: Ball
1-0: Called Strike
1-1: Called Strike
1-2: Ground out 4-3 (Groundball, 4)
Bottom of the 2nd over - 0 run(s), 1 hit(s), 0 error(s), 1 left on base; Augusta 0 - Scranton 0
TOP OF THE 3RD
Augusta Timber Hawks batting - Pitching for Scranton Supernovas : LHP Felipe Gutiérrez
Batting: LHB Mike Hanson 0-0: Ball
1-0: Called Strike
1-1: Ball
2-1: Swinging Strike
2-2: Strikes out swinging
Batting: LHB Eugene Lawrence 0-0: Ball
1-0: DOUBLE (Line Drive, 78XD)
Batting: RHB Jack Hatcher 0-0: Called Strike
0-1: Foul Ball, location: 2F
0-2: Strikes out swinging
Batting: RHB Eddy Baxter 0-0: Foul Ball, location: 2F
0-1: Foul Ball, location: 2F
0-2: Foul Ball, location: 2F
0-2: Ball
1-2: Foul Ball, location: 2F
1-2: Ball
2-2: Ball
3-2: Strikes out looking
Top of the 3rd over - 0 run(s), 1 hit(s), 0 error(s), 1 left on base; Augusta 0 - Scranton 0
BOTTOM OF THE 3RD
Scranton Supernovas batting - Pitching for Augusta Timber Hawks : RHP Jim Thornton
Batting: RHB Sergio Canales 0-0: Bunted foul
0-1: Ball
1-1: Ball
2-1: SINGLE (Groundball, 56D)
Batting: RHB Chris Teague 0-0: Called Strike
0-1: Ball
1-1: Ball
2-1: Fielders Choice at 2nd, 5-4 (Groundball, 5L)
Batting: LHB Mark Evans 0-0: Foul Ball, location: 2F
0-1: Ball
1-1: Swinging Strike
1-2: Fly out, F9 (Line Drive, 9M)
Batting: LHB Francisco Ortega 0-0: Fly out, F9 (Flyball, 89D)
Bottom of the 3rd over - 0 run(s), 1 hit(s), 0 error(s), 1 left on base; Augusta 0 - Scranton 0
TOP OF THE 4TH
Augusta Timber Hawks batting - Pitching for Scranton Supernovas : LHP Felipe Gutiérrez
Batting: SHB Lawrence Franklin 0-0: Ball
1-0: Fly out, F4 (Popup, 8LS)
Batting: RHB Hiwahikeiki Noelani 0-0: Ball
1-0: Called Strike
1-1: Ball
2-1: SINGLE (Groundball, 56)
Batting: SHB José Salazar 0-0: Ball
1-0: Foul Ball, location: 2F
1-1: Ball
2-1: SINGLE (Groundball, 34D) (infield hit)
Hiwahikeiki Noelani to second
Batting: RHB Claudio Mendoza 0-0: Swinging Strike
0-1: Ball
1-1: Ball
2-1: Foul Ball, location: 2F
2-2: Fly out, F5 (Line Drive, 5)
Batting: RHB Pedro Jiménez 0-0: Called Strike
0-1: Foul Ball, location: 2F
0-2: Foul Ball, location: 2F
Reached via error on a dropped throw, E3
Hiwahikeiki Noelani to third
José Salazar to second
Batting: LHB Mike Hanson 0-0: Ball
1-0: Ball
2-0: Called Strike
2-1: Fly out, F8 (Flyball, 8LM)
Top of the 4th over - 0 run(s), 2 hit(s), 1 error(s), 3 left on base; Augusta 0 - Scranton 0
BOTTOM OF THE 4TH
Scranton Supernovas batting - Pitching for Augusta Timber Hawks : RHP Jim Thornton
Batting: RHB António Granados 0-0: Ball
1-0: Called Strike
1-1: SINGLE (Line Drive, 8RS)
Batting: RHB Lance Davis 0-0: Ball
1-0: Called Strike
1-1: DOUBLE (Groundball, 5L)
António Granados to third
Runner from 3rd tries for Home, SAFE, no throw or cutoff
Batting: RHB Thomas Campbell 0-0: Ground out 1-3 (Groundball, 15)
Batting: RHB Jerome Wilson 0-0: Ground out 6-3 (Groundball, 6)
Batting: SHB Neil Nash 0-0: Ball
1-0: Ball
2-0: Foul Ball, location: 2F
2-1: Fly out, F7 (Flyball, 78M)
Bottom of the 4th over - 1 run(s), 2 hit(s), 0 error(s), 1 left on base; Augusta 0 - Scranton 1
TOP OF THE 5TH
Augusta Timber Hawks batting - Pitching for Scranton Supernovas : LHP Felipe Gutiérrez
Batting: LHB Eugene Lawrence 0-0: Ball
1-0: Ball
2-0: Ball
3-0: Called Strike
3-1: Base on Balls
Batting: RHB Jack Hatcher 0-0: Ball
1-0: Ball
2-0: Ball
3-0: Base on Balls
Eugene Lawrence to second
Batting: RHB Eddy Baxter 0-0: Ball
1-0: Ball
2-0: Ball
3-0: Base on Balls
Eugene Lawrence to third
Jack Hatcher to second
Batting: SHB Lawrence Franklin 0-0: Ball
1-0: Fly out, F9 (Flyball, 89D)
Runner from 3rd tags up, SCORES, no throw
Batting: RHB Hiwahikeiki Noelani 0-0: Ball
1-0: Ball
2-0: Fly out, F3 (Popup, 3F)
Batting: SHB José Salazar 0-0: Ball
1-0: Ball
2-0: Swinging Strike
2-1: Ball
3-1: Base on Balls
Jack Hatcher to third
Eddy Baxter to second
Batting: RHB Claudio Mendoza 0-0: Ball
1-0: Called Strike
1-1: Fielders Choice at 2nd, U6 (Groundball, 6M)
Top of the 5th over - 1 run(s), 0 hit(s), 0 error(s), 3 left on base; Augusta 1 - Scranton 1
BOTTOM OF THE 5TH
Scranton Supernovas batting - Pitching for Augusta Timber Hawks : RHP Jim Thornton
Batting: RHB Sergio Canales 0-0: Called Strike
0-1: Ball
1-1: Fly out, F9 (Flyball, 9D)
Batting: RHB Chris Teague 0-0: Fly out, F7 (Flyball, 7S)
Batting: LHB Mark Evans 0-0: Ball
1-0: Foul Ball, location: 2F
1-1: Ball
2-1: Ball
3-1: Called Strike
3-2: Base on Balls
Batting: LHB Francisco Ortega 0-0: Ball
1-0: Called Strike
1-1: Ball
2-1: Fly out, F7 (Flyball, 78M)
Bottom of the 5th over - 0 run(s), 0 hit(s), 0 error(s), 1 left on base; Augusta 1 - Scranton 1
TOP OF THE 6TH
Augusta Timber Hawks batting - Pitching for Scranton Supernovas : LHP Felipe Gutiérrez
Batting: RHB Pedro Jiménez 0-0: Ball
1-0: Ball
2-0: Called Strike
2-1: Ball
3-1: Ground out 3-1 (Groundball, 34)
Batting: LHB Mike Hanson 0-0: Foul Ball, location: 2F
0-1: Called Strike
0-2: Ball
1-2: Foul Ball, location: 2F
1-2: Foul Ball, location: 2F
1-2: Ball
2-2: SINGLE (Groundball, 34)
Batting: LHB Eugene Lawrence 0-0: Ball
1-0: Swinging Strike
1-1: Foul Ball, location: 2F
1-2: Strikes out swinging
Batting: RHB Jack Hatcher 0-0: Ball
1-0: Ball
2-0: Called Strike
Mike Hanson steals 2nd base
2-1: Foul Ball, location: 2F
2-2: Foul Ball, location: 2F
2-2: Ball
3-2: Strikes out swinging
Top of the 6th over - 0 run(s), 1 hit(s), 0 error(s), 1 left on base; Augusta 1 - Scranton 1
BOTTOM OF THE 6TH
Scranton Supernovas batting - Pitching for Augusta Timber Hawks : RHP Jim Thornton
Batting: RHB António Granados 0-0: Ball
1-0: Ball
2-0: Ball
3-0: Base on Balls
Batting: RHB Lance Davis 0-0: Called Strike
0-1: Ball
1-1: Foul Ball, location: 2F
1-2: SINGLE (Line Drive, 8LS)
António Granados to second
Batting: RHB Thomas Campbell 0-0: Fly out, F9 (Flyball, 9S)
Batting: RHB Jerome Wilson 0-0: Foul Ball, location: 2F
0-1: Ball
1-1: Called Strike
1-2: DOUBLE (Flyball, 89D)
António Granados scores
Lance Davis to third
Batting: SHB Neil Nash 0-0: Intentional Walk
Batting: RHB Sergio Canales 0-0: Swinging Strike
0-1: Ball
1-1: Fly out, F8 (Popup, 89S)
Batting: RHB Chris Teague 0-0: SINGLE (Flyball, 8LS)
Lance Davis scores
Jerome Wilson to third
Neil Nash to second
Runner from 3rd tries for Home, SAFE, no throw or cutoff
Batting: LHB Mark Evans 0-0: Ball
1-0: Ball
2-0: Swinging Strike
2-1: Ball
3-1: SINGLE (Line Drive, 34D)
Neil Nash to third
Chris Teague to second
Runner from 3rd tries for Home, SAFE, no throw or cutoff
Batting: LHB Francisco Ortega 0-0: Ball
1-0: Foul Ball, location: 2F
1-1: Called Strike
1-2: Foul Ball, location: 2F
1-2: Fly out, F5 (Popup, 56)
Bottom of the 6th over - 4 run(s), 4 hit(s), 0 error(s), 2 left on base; Augusta 1 - Scranton 5
TOP OF THE 7TH
Augusta Timber Hawks batting - Pitching for Scranton Supernovas : LHP Felipe Gutiérrez
Batting: RHB Eddy Baxter 0-0: Ball
1-0: Foul Ball, location: 2F
1-1: Ball
2-1: Ball
3-1: Base on Balls
Batting: SHB Lawrence Franklin 0-0: Ball
1-0: Foul Ball, location: 2F
1-1: Swinging Strike
1-2: Strikes out looking
Batting: RHB Hiwahikeiki Noelani 0-0: Ball
1-0: Foul Ball, location: 2F
1-1: Swinging Strike
1-2: Ball
2-2: Ball
3-2: Base on Balls
Eddy Baxter to second
Batting: SHB José Salazar 0-0: Ball
1-0: Ball
2-0: DOUBLE (Line Drive, 89M)
Eddy Baxter scores
Hiwahikeiki Noelani to third
Batting: RHB Claudio Mendoza 0-0: Foul Ball, location: 2F
0-1: Hit by Pitch
Pinch Hitting: RHB Tom Strickland 0-0: Ball
1-0: Ball
2-0: Called Strike
2-1: Swinging Strike
2-2: Foul Ball, location: 2F
2-2: Foul Ball, location: 2F
2-2: Grounds into double play, 6-4-3 (Groundball, 6)
Top of the 7th over - 1 run(s), 1 hit(s), 0 error(s), 2 left on base; Augusta 2 - Scranton 5
BOTTOM OF THE 7TH
Scranton Supernovas batting - Pitching for Augusta Timber Hawks : RHP Jim Thornton
Now at 1B: Chris Henry
Batting: RHB António Granados 0-0: Foul Ball, location: 2F
0-1: Ball
1-1: Swinging Strike
1-2: Ball
2-2: Ball
3-2: Foul Ball, location: 2F
3-2: Strikes out swinging
Batting: RHB Lance Davis 0-0: Called Strike
0-1: Called Strike
0-2: SINGLE (Groundball, 6MD)
Batting: RHB Thomas Campbell 0-0: Ball
1-0: Ball
2-0: Called Strike
2-1: Foul Ball, location: 2F
2-2: Fly out, F6 (Popup, 6M)
Pitching: RHP Tom Sosa
Batting: RHB Jerome Wilson 0-0: Called Strike
0-1: Swinging Strike
0-2: Foul Ball, location: 2F
0-2: SINGLE (Line Drive, 7LS)
Lance Davis to second
Batting: SHB Neil Nash 0-0: Foul Ball, location: 2F
0-1: SINGLE (Groundball, 5D)
Lance Davis to third
Jerome Wilson to second
Runner from 3rd tries for Home, SAFE, throw made home
Jerome Wilson to third
Neil Nash to second
Batting: RHB Sergio Canales 0-0: SINGLE (Groundball, 6MD)
Jerome Wilson scores
Neil Nash to third
Runner from 3rd tries for Home, SAFE, no throw or cutoff
Batting: RHB Chris Teague 0-0: Ball
Sergio Canales steals 2nd base
1-0: Foul Ball, location: 2F
1-1: Swinging Strike
1-2: DOUBLE (Line Drive, 6MD)
Sergio Canales scores
Pitching: RHP Enrique Rodríguez
Batting: LHB Mark Evans 0-0: Foul Ball, location: 2F
0-1: Ball
1-1: Ball
2-1: Swinging Strike
2-2: Ball
3-2: Base on Balls
Batting: LHB Francisco Ortega 0-0: Ground out 4-3 (Groundball, 4)
Bottom of the 7th over - 4 run(s), 5 hit(s), 0 error(s), 2 left on base; Augusta 2 - Scranton 9
TOP OF THE 8TH
Augusta Timber Hawks batting - Pitching for Scranton Supernovas : LHP Felipe Gutiérrez
Now at 3B: Pedro Robles
Batting: LHB Mike Hanson 0-0: Ball
1-0: Foul Ball, location: 2F
1-1: Fly out, F7 (Flyball, 78S)
Pitching: RHP Bob Meyer
Pinch Hitting: LHB Jim Unknown 0-0: Ball
1-0: Ball
2-0: Foul Ball, location: 2F
2-1: Ball
3-1: Called Strike
3-2: Strikes out swinging
Batting: RHB Jack Hatcher 0-0: Ball
1-0: Ball
2-0: Called Strike
2-1: Ball
3-1: Base on Balls
Batting: RHB Eddy Baxter 0-0: Ground out 5-3 (Groundball, 5S)
Top of the 8th over - 0 run(s), 0 hit(s), 0 error(s), 1 left on base; Augusta 2 - Scranton 9
BOTTOM OF THE 8TH
Scranton Supernovas batting - Pitching for Augusta Timber Hawks : RHP Enrique Rodríguez
Now in CF: Jim Unknown
Batting: RHB António Granados 0-0: Ball
1-0: Ball
2-0: Ball
3-0: Called Strike
3-1: SINGLE (Flyball, 8LS)
Batting: RHB Lance Davis 0-0: Fly out, F8 (Flyball, 8RM)
Batting: RHB Thomas Campbell 0-0: Ball
1-0: Ball
António Granados steals 2nd base
2-0: Called Strike
2-1: Fly out, F3 (Popup, 3F)
Batting: RHB Jerome Wilson 0-0: Called Strike
0-1: Ball
1-1: Ball
2-1: Fly out, F8 (Flyball, 8LM)
Bottom of the 8th over - 0 run(s), 1 hit(s), 0 error(s), 1 left on base; Augusta 2 - Scranton 9
TOP OF THE 9TH
Augusta Timber Hawks batting - Pitching for Scranton Supernovas : RHP Bob Meyer
Batting: SHB Lawrence Franklin 0-0: Called Strike
0-1: Ball
1-1: Ball
2-1: Ground out 1-3 (Groundball, 13S)
Batting: RHB Hiwahikeiki Noelani 0-0: Swinging Strike
0-1: Foul Ball, location: 2F
0-2: Ball
1-2: Strikes out swinging, 2-3 out at first.
Batting: SHB José Salazar 0-0: Ball
1-0: Ball
2-0: Called Strike
2-1: Swinging Strike
2-2: SINGLE (Line Drive, 78S)
Batting: RHB Claudio Mendoza 0-0: Foul Ball, location: 2F
0-1: Fly out, F4 (Popup, 4)
Top of the 9th over - 0 run(s), 1 hit(s), 0 error(s), 1 left on base; Augusta 2 - Scranton 9
This league is powered by Out of the Park Baseball, the baseball management simulation game for PC, Mac and Linux
Friday, October 23rd, 2015 - OOTP Baseball 16.9 Build 39